AoeStats
← Hectorgvz

Black Forest

505800093Analyzed
4v4 RM · 21d ago on Sep 11, 2026· 73m 59s· 8 players
Game mode
Random Map
Map size
Large (8 player)
Population
200
Speed
Normal
Resources
Standard
Victory
Conquest
Starting age
Dark Age
Ending age
Imperial Age
RankedLock teamsTeams togetherTeam positionsShared explorationLock speedFull tech treeHidden civsTurbo modeCheats
Victory
Defeat
🇲🇽 Vikings · Mexico
1082
+16
🇲🇽 Turks · Mexico
1064
+16
🇲🇽 Teutons · Mexico
1034
+18
🇲🇽 Armenians · Mexico
1006
+19
🇦🇷 Franks · Argentina
1114
-19
🇦🇷 Goths · Argentina
1059
-17
🇦🇷 Mongols · Argentina
1057
-17
🇦🇷 Khmer · Argentina
1054
-16
Vicintore
1:27 Loom
14:16 Feudal Age
18:15 Castle Age
18:07 Double-Bit Axe
24:27 Imperial Age
29:55 Fletching
38:01 Gold Mining
38:09 Stone Mining
45:08 Wheelbarrow
45:15 Padded Archer Armor
45:33 Scale Mail Armor
45:47 Forging
47:53 Bow Saw
48:50 Horse Collar
50:31 Hand Cart
51:53 Scale Barding Armor
56:17 Chain Barding Armor
58:12 Plate Barding Armor
57:36 Bodkin Arrow
59:12 Husbandry
64:04 Bloodlines
64:55 Heavy Plow
67:02 Ballistics
67:24 Scale Mail Armor
68:01 Conscription
71:49 Two-Man Saw
74:33 Iron Casting
nachovallarta3
11:46 Feudal Age
16:11 Castle Age
18:01 Double-Bit Axe
18:01 Horse Collar
26:33 Heavy Plow
26:45 Bow Saw
27:56 Wheelbarrow
28:42 Scale Barding Armor
28:47 Forging
30:40 Hand Cart
30:14 Elite Skirmisher
30:50 Fletching
31:01 Padded Archer Armor
34:32 Imperial Age
33:52 Chain Barding Armor
34:08 Iron Casting
33:50 Leather Archer Armor
33:32 Bodkin Arrow
34:02 Bloodlines
34:56 Caravan
34:49 Cavalier
36:44 Chemistry
36:08 Ballistics
37:25 Paladin
40:42 Pikeman
41:09 Crossbowman
49:02 Crossbowman
54:32 Halberdier
63:05 Squires
62:48 Heavy Scorpion
70:49 Scale Mail Armor
pedro-94
10:49 Feudal Age
15:46 Castle Age
13:57 Double-Bit Axe
14:11 Horse Collar
17:08 Bow Saw
26:28 Gold Mining
26:28 Stone Mining
27:00 Forging
26:50 Scale Mail Armor
27:16 Man-at-Arms
27:44 Gambesons
28:00 Squires
27:45 Arson
28:37 Long Swordsman
29:58 Iron Casting
29:38 Chain Mail Armor
34:29 Imperial Age
31:46 Loom
34:54 Two-Handed Swordsman
36:43 Blast Furnace
36:13 Plate Mail Armor
35:47 Champion
36:24 Capped Ram
37:22 Siege Ram
38:45 Conscription
49:37 Chieftains
49:40 Bogsveigar
57:53 Coinage
57:26 Caravan
66:30 Pikeman
Hectorgvz
1:19 Loom
13:51 Feudal Age
19:54 Castle Age
18:13 Double-Bit Axe
18:11 Horse Collar
20:50 Wheelbarrow
20:53 Bow Saw
26:15 Hand Cart
28:33 Heavy Plow
30:43 Man-at-Arms
34:31 Imperial Age
32:25 Gold Mining
32:26 Stone Mining
32:43 Scale Mail Armor
32:54 Forging
32:42 Long Swordsman
33:24 Squires
33:41 Chain Mail Armor
34:06 Two-Handed Swordsman
34:36 Gambesons
35:22 Fervor
35:34 Sanctity
35:31 Capped Ram
37:32 Champion
38:45 Plate Mail Armor
38:50 Iron Casting
42:30 Blast Furnace
42:18 Fishing Lines
43:28 Gold Shaft Mining
43:07 Fereters
42:59 Siege Ram
47:50 Pikeman
48:47 Halberdier
56:09 Onager
71:37 Arson
Pablo
1:01 Loom
12:29 Feudal Age
17:07 Castle Age
16:09 Double-Bit Axe
17:31 Light Cavalry
18:55 Bow Saw
29:53 Imperial Age
28:07 Scale Barding Armor
28:44 Wheelbarrow
29:27 Forging
29:10 Gold Mining
29:36 Stone Mining
30:08 Hand Cart
30:34 Chain Barding Armor
31:06 Gold Shaft Mining
30:05 Cavalier
32:38 Conscription
33:03 Husbandry
33:20 Town Watch
33:07 Paladin
35:14 Plate Barding Armor
34:56 Town Patrol
36:04 Iron Casting
36:56 Fortified Wall
37:38 Chivalry
38:48 Chemistry
40:01 Blast Furnace
39:19 Fletching
41:31 Hoardings
41:04 Scale Mail Armor
41:41 Masonry
41:27 Murder Holes
40:57 Light Cavalry
41:39 Bodkin Arrow
42:23 Chain Mail Armor
44:24 Plate Mail Armor
44:02 Squires
43:47 Arson
49:23 Ballistics
49:09 Caravan
50:29 Architecture
59:26 Siege Engineers
El.Profesor
0:29 Loom
13:14 Feudal Age
14:05 Double-Bit Axe
15:14 Horse Collar
17:44 Castle Age
18:43 Town Watch
19:34 Wheelbarrow
19:24 Bow Saw
22:19 Heavy Plow
22:19 Stone Mining
25:22 Gold Mining
25:48 Fletching
27:44 Gold Shaft Mining
27:27 Bodkin Arrow
27:52 Light Cavalry
29:20 Padded Archer Armor
31:16 Leather Archer Armor
34:09 Imperial Age
37:40 Hand Cart
37:23 Heavy Cavalry Archer
38:30 Parthian Tactics
38:12 Bracer
43:39 Heavy Scorpion
46:52 Chemistry
46:14 Ballistics
45:57 Caravan
48:50 Drill
48:53 Conscription
50:59 Onager
60:22 Siege Engineers
Fibonaku
3:56 Loom
11:55 Feudal Age
17:13 Castle Age
15:37 Horse Collar
15:45 Double-Bit Axe
18:54 Bow Saw
18:50 Heavy Plow
26:27 Wheelbarrow
26:14 Squires
28:38 Hand Cart
32:09 Imperial Age
29:17 Pikeman
30:07 Town Watch
32:02 Fletching
32:13 Scale Mail Armor
32:23 Forging
32:11 Murder Holes
32:19 Padded Archer Armor
33:14 Elite Skirmisher
35:03 Conscription
35:02 Bodkin Arrow
35:23 Leather Archer Armor
34:55 Halberdier
36:25 Bracer
36:41 Chain Mail Armor
37:02 Iron Casting
38:01 Perfusion
39:50 Iron Casting
40:18 Chemistry
39:30 Masonry
42:11 Blast Furnace
41:42 Ring Archer Armor
41:16 Anarchy
41:31 Man-at-Arms
43:52 Architecture
43:43 Ballistics
43:31 Caravan
44:01 Caravan
44:32 Coinage
46:08 Long Swordsman
51:36 Two-Handed Swordsman
51:52 Two-Handed Swordsman
52:12 Champion
60:18 Crossbowman
Griffing
1:08 Loom
14:03 Feudal Age
18:31 Castle Age
17:23 Double-Bit Axe
17:30 Horse Collar
17:44 Gold Mining
17:53 Stone Mining
20:12 Bow Saw
20:06 Heavy Plow
27:46 Padded Archer Armor
33:23 Imperial Age
33:02 Forging
32:43 Fletching
33:08 Leather Archer Armor
32:54 Scale Mail Armor
33:00 Scale Barding Armor
34:03 Wheelbarrow
33:17 Town Watch
35:04 Conscription
34:26 Heavy Scorpion
37:06 Hand Cart
36:52 Town Patrol
39:01 Crop Rotation
39:16 Gold Shaft Mining
39:17 Stone Shaft Mining
38:41 Bodkin Arrow
39:17 Ring Archer Armor
39:03 Chain Mail Armor
39:55 Chemistry
39:07 Masonry
43:12 Architecture
42:47 Siege Engineers
42:46 Bracer
44:13 Double Crossbow
45:54 Hoardings
62:07 Iron Casting
61:53 Chain Barding Armor
62:43 Husbandry
62:54 Bloodlines
62:04 Light Cavalry
67:50 Hussar
Connection lost

Rejoining the realm…

Still unreachable

The connection could not be restored.

Session expired

The server has moved on; the page needs a fresh start.